 Dungeon Crawl Stone Soup version 0.25.0-3-gd7cc5688da (webtiles) character file.

Game seed: 13648161661893443702

144148 grisnicke the Severer (level 16, -2/141 HPs)
             Began as a Deep Dwarf Fighter on June 15, 2020.
             Was the Champion of Makhleb.
             Slain by a jumping spider (5 damage)
             ... on level 3 of the Spider Nest.
             The game lasted 01:26:35 (17938 turns).

grisnicke the Severer (Deep Dwarf Fighter)         Turns: 17938, Time: 01:26:36

Health: -2/141     AC: 24    Str: 19    XL:     16   Next: 54%
Magic:  22/22      EV:  3    Int: 10    God:    Makhleb [******]
Gold:   135        SH:  0    Dex: 12    Spells: 15/15 levels left

rFire    + . .     SeeInvis .   a - +6 broad axe (venom)
rCold    . . .     Gourm    .   c - +0 kite shield
rNeg     + + +     Faith    .   O - +5 plate armour {rF+}
rPois    +         Spirit   .   J - +1 hat
rElec    .         Reflect  +   v - scarf {repulsion}
rCorr    +         Harm     .   i - +0 pair of gloves of the Bells {rPois rN+++ Str-5 Stlth+}
MR       +++..                  u - +1 pair of boots
Stlth    ..........             F - amulet of reflection
HPRegen  0.00/turn              k - ring of resist corrosion
MPRegen  0.18/turn              m - ring of protection from magic

@: confused, about to teleport, held, non-regenerating, repel missiles, very
slow
A: damage resistance, heal wounds, frail 1, negative energy resistance 1, sense
surroundings 2, weak 1, no regeneration
}: 1/15 runes: decaying
a: Heal Wounds, Minor Destruction, Lesser Servant of Makhleb, Major Destruction,
Greater Servant of Makhleb, Renounce Religion


You were on level 3 of the Spider Nest.
You worshipped Makhleb.
Makhleb was exalted by your worship.
You were very hungry.

You visited 5 branches of the dungeon, and saw 26 of its levels.
You also visited: Sewer, Ice Cave and Volcano.

You collected 2243 gold pieces.
You spent 2108 gold pieces at shops.

Inventory:

Hand Weapons
 a - a +6 broad axe of venom (weapon)
 b - a +0 broad axe of flaming
Missiles
 o - 27 poisoned darts (quivered)
 E - 5 throwing nets
Armour
 c - a +0 kite shield (worn)
 i - the +0 pair of gloves of the Bells (worn) {rPois rN+++ Str-5 Stlth+}
   (You bought it in a shop on level 2 of the Orcish Mines)

   It affects your strength (-5).
   It protects you from poison.
   It renders you almost immune to negative energy.
   It makes you more stealthy.
 u - a +1 pair of boots (worn)
 v - a scarf of repulsion (worn)
 y - the +1 chain mail of Shielding {Harm rElec}
   (You found it on level 5 of the Lair of Beasts)

   It insulates you from electricity.
   It increases damage dealt and taken.
 J - a +1 hat (worn)
 O - a +5 plate armour of fire resistance (worn)
 S - the +3 pair of gauntlets of War {Slay+5}
   (You found it on level 9 of the Dungeon)

   It affects your accuracy and damage with ranged weapons and melee attacks
   (+5).
Jewellery
 j - an uncursed ring of flight
 k - a ring of resist corrosion (left hand)
 m - a ring of protection from magic (right hand)
 p - an uncursed ring of fire
 F - an amulet of reflection (around neck)
 U - an uncursed ring of ice
Wands
 H - a wand of flame (29)
 M - a wand of paralysis (15)
 N - a wand of enslavement (25)
 T - a wand of clouds (7)
 V - a wand of iceblast (10)
 W - a wand of disintegration (39)
 Z - a wand of acid (6)
Scrolls
 f - 2 scrolls of fog
 g - 8 scrolls of remove curse
 s - 4 scrolls of magic mapping
 t - 10 scrolls of teleportation
 x - 4 scrolls of fear
 z - 5 scrolls of blinking
 D - a scroll of holy word
 P - 2 scrolls of immolation
Potions
 d - 5 potions of might
 h - 6 potions of haste
 n - a potion of resistance
 q - 2 potions of curing
 w - 6 potions of heal wounds
 A - a potion of cancellation
 B - 5 potions of lignification
 C - 3 potions of invisibility
 I - 4 potions of stabbing
 Q - 2 potions of berserk rage
 Y - a potion of magic
Miscellaneous
 G - a phial of floods
Comestibles
 e - 27 rations
 l - 3 chunks of flesh


   Skills:
 + Level 13.5 Fighting
 - Level 18.0 Axes
 + Level 10.7 Armour
 - Level 15.0 Shields
 + Level 14.9 Invocations


You had 15 spell levels left.
You didn't know any spells.
Your spell library contained the following spells:

 Spells                   Type           Power        Failure   Level  Hunger
 Beastly Appendage        Tmut           #.....       100%        1    ##.....
 Foxfire                  Conj/Fire      #...         100%        1    ##.....
 Infusion                 Chrm           #...         100%        1    ##.....
 Summon Small Mammal      Summ           #...         100%        1    ##.....
 Shroud of Golubria       Chrm/Tloc      #.....       100%        2    ###....
 Song of Slaying          Chrm           #.......     100%        2    ###....
 Sticks to Snakes         Tmut           #.......     100%        2    ###....
 Conjure Flame            Conj/Fire      #.......     100%        3    ####...
 Inner Flame              Hex/Fire       #.......     100%        3    ####...
 Ozocubu's Armour         Chrm/Ice       #.......     100%        3    ####...
 Spectral Weapon          Hex/Chrm       #.......     100%        3    ####...
 Spider Form              Tmut/Pois      #.........   100%        3    ####...
 Ice Form                 Ice/Tmut       #.......     100%        4    #####..
 Leda's Liquefaction      Hex/Erth       #.........   100%        4    #####..
 Sticky Flame             Conj/Fire      #.......     100%        4    #####..
 Aura of Abjuration       Summ           #.........   100%        5    ######.
 Blade Hands              Tmut           #.........   100%        5    ######.
 Bolt of Magma            Conj/Fire/Erth #.........   100%        5    ######.
 Fireball                 Conj/Fire      #.........   100%        5    ######.
 Summon Forest            Summ/Tloc      #.........   100%        5    ######.
 Iron Shot                Conj/Erth      #.........   100%        6    #######
 Statue Form              Tmut/Erth      #........    100%        6    #######
 Shatter                  Erth           #.........   100%        9    #######


Dungeon Overview and Level Annotations

Branches:
Dungeon (10/15)              Lair (6/6) D:8           Swamp (4/4) Lair:2
 Spider (4/4) Lair:2        Slime (0/5) Lair:5          Orc (2/2) D:10
    Elf (0/3) Orc:2         Sewer (visited)           IceCv (visited)
Volcano (visited)
 Temple: D:4-7

Altars:
Dithmenos
Elyvilon
Fedhas
Gozag
Hepliaklqana
Kikubaaqudgha
Makhleb
Nemelex Xobeh
Qazlal
Ru
Trog
Vehumet
Zin
The Shining One

Shops:
Orc:1 (   Orc:2 [[*(*

Annotations:
D:9 3 runed translucent doors, Inieqics's ghost, novice VSAK
Lair:3 1 runed translucent door, Befuwnopp's ghost, journeyman TrHu
Lair:4 2 transporters, runemage's ghost, journeyman GnFi


Innate Abilities, Weirdness & Mutations

You are resistant to damage.
You can heal yourself by infusing magical energy.
You resist negative energy. (rN+)
You passively map the area around you.
You do not regenerate.
You are frail. (-10% HP)
You are weak. (Str -2)


Message History

* * * LOW HITPOINT WARNING * * *
You are caught in a web!
The jumping spider barely misses you. The wolf spider hits you!
The wolf spider bites you but does no damage.
The jumping spider pounces on you!
* * * LOW HITPOINT WARNING * * *
You are caught in a web!
The jumping spider bites you but does no damage.
The spark wasp stings you!
* * * LOW HITPOINT WARNING * * *
The spark wasp shocks you!
* * * LOW HITPOINT WARNING * * *
The tarantella bites you but does no damage.
The demonic crawler hits you but does no damage.
The demonic crawler completely misses you.
The demonic crawler barely misses you. The wolf spider hits you!
* * * LOW HITPOINT WARNING * * *
The wolf spider bites you but does no damage.
The jumping spider pounces on you!
You die...

.. ,, , * ,
* ..,,, ,
..#...* ..
........##
..,, ,
..$...... ..
, ....#..[.
,, ......s..
, ........##
, ,
,.......ss#
, ,,
.......s@# ,
......†ys# ,
.........# ,
, ....#≈..≈#
,
,,.....≈≈.##
, ,
......≈≈# ,,
...!.≈≈##
,...#### , ,
,...


You could see a spark wasp (extremely poisoned), a demonic crawler, a wolf
spider (very poisoned), an orb spider, a jumping spider (berserk, very poisoned)
and a tarantella.

Vanquished Creatures
  Agnes (Spider:2)
  Kirke (Lair:4)
  A ghost moth (Spider:2)
  A frost giant (IceCv)
  An orc warlord (Orc:2)
  3 emperor scorpions
  A stone giant (Volcano)
  An entropy weaver (Spider:1)
  A fire dragon (Swamp:4)
  Harold (Lair:1)
  14 hydras
  A shambling mangrove (Swamp:1)
  2 ghost crabs
  13 two-headed ogres (Orc:2)
  4 ogre magi (Orc:2)
  A fire crab (Swamp:4)
  A spriggan druid (Swamp:4)
  Pikel (D:7)
  3 swamp dragons (Swamp:4)
  2 orc knights (Orc:1)
  3 lindwurms (Lair:6)
  4 orc sorcerers
  20 wolf spiders
  6 orb spiders
  7 elephants
  2 moths of wrath
  A cyclops (D:9)
  Joseph (D:10)
  A guardian serpent (Lair:6)
  An ice statue (IceCv)
  20 spiny frogs
  8 black mambas
  5 demonic crawlers
  12 komodo dragons
  3 rime drakes
  An efreet (Volcano)
  A queen bee (Spider:2)
  3 meliai (Spider:2)
  20 polar bears
  8 hornets
  18 blink frogs
  27 jumping spiders
  4 tyrant leeches
  3 hippogriffs
  2 bog bodies (Swamp:4)
  5 slime creatures
  29 redbacks
  4 dream sheep (Lair:5)
  12 tarantellas
  12 wyverns
  4 fire bats (Swamp:4)
  53 yaks
  2 fire elementals (Volcano)
  4 hungry ghosts (D:10)
  2 basilisks
  7 hogs (Lair:4)
  3 steam dragons (Swamp:4)
  9 vampire mosquitoes
  Eustachio (D:6)
  4 insubstantial wisps (Swamp:3)
  17 water moccasins
  6 swamp worms
  5 porcupines
  6 swamp drakes
  25 ogres
  A black bear (Lair:2)
  21 orc warriors
  3 sky beasts
  18 wolves
  2 centaurs
  21 crocodiles
  A big kobold (Sewer)
  2 earth elementals (Volcano)
  9 bullfrogs
  A water moccasin zombie (D:8)
  A water moccasin skeleton (D:6)
  2 troll zombies (D:10)
  18 killer bees
  2 vampire bats (D:6)
  4 wights (D:10)
  5 electric eels
  3 crimson imps
  A centaur zombie (D:6)
  5 howler monkeys
  2 quasits
  A bullfrog zombie (D:5)
  15 orc priests
  2 hounds (D:5)
  14 jellies
  4 bullfrog skeletons
  8 iguanas
  A centaur skeleton (D:8)
  23 orc wizards
  5 worker ants
  A killer bee zombie (D:8)
  4 ogre zombies (D:10)
  A hound skeleton (D:5)
  2 hound zombies
  2 worker ant zombies (D:5)
  3 gnolls (D:10)
  12 adders
  7 river rats (Sewer)
  A shadow imp (D:2)
  11 oozes
  An adder skeleton (D:10)
  2 adder zombies
  3 worms
  2 dart slugs
  12 leopard geckos
  72 orcs
  2 bat skeletons (D:6)
  3 bat zombies (D:6)
  2 giant cockroaches
  3 goblins
  4 hobgoblins
  10 jackals
  22 kobolds
  A quokka (D:3)
  8 ball pythons
  6 bats
  14 frilled lizards
  A goblin skeleton (D:10)
  2 goblin zombies (D:10)
  3 hobgoblin skeletons (D:10)
  3 hobgoblin zombies (D:10)
  A jackal skeleton (D:4)
  A leopard gecko skeleton (D:8)
  An orc skeleton (D:10)
  9 orc zombies (D:10)
  A quokka zombie (D:5)
  21 rats
  A fungus (Lair:6)
  9 plants
904 creatures vanquished.

Vanquished Creatures (collateral kills)
  A fire dragon (Swamp:4)
  Fannar (D:10)
  4 hydras
  4 orb spiders
  Maggie (D:7)
  A rime drake (Lair:3)
  2 jumping spiders (Spider:2)
  6 blink frogs (Lair:1)
  2 hippogriffs
  A tarantella (Spider:3)
  2 redbacks (Spider:2)
  A wyvern (D:8)
  7 yaks
  A swamp worm (Lair:2)
  A porcupine (Lair:1)
  A swamp drake (D:8)
  A necrophage (D:10)
  2 ogres (Orc:2)
  3 crocodiles
  A gnoll sergeant (D:10)
  A leopard gecko (Lair:3)
  2 frilled lizards (Lair:3)
46 creatures vanquished.

Vanquished Creatures (others)
  A fire dragon (Swamp:4)
  A fire crab (Swamp:4)
  A lindwurm (Swamp:4)
  A polar bear (IceCv)
  A redback (Spider:2)
  A vampire mosquito (Swamp:3)
  5 swamp drakes (Swamp:4)
  A wolf (IceCv)
  A jelly (D:7)
  An orc wizard (D:7)
  A gnoll (D:10)
  6 fungi
  20 plants
41 creatures vanquished.

Grand Total: 991 creatures vanquished

Notes
Turn   | Place    | Note
-------+----------+-------------------------------------------
     0 | D:1      | grisnicke the Deep Dwarf Fighter began the quest for the
                  | Orb.
     0 | D:1      | Reached XP level 1. HP: 20/20 MP: 1/1
   255 | D:1      | Reached XP level 2. HP: 22/27 MP: 2/2
   768 | D:2      | Reached skill level 3 in Axes
   827 | D:2      | Reached XP level 3. HP: 33/33 MP: 3/3
  1346 | D:3      | Reached XP level 4. HP: 31/42 MP: 4/4
  1419 | D:3      | Found a burning altar of Makhleb.
  1438 | D:3      | Became a worshipper of Makhleb the Destroyer
  1677 | D:3      | Reached skill level 4 in Axes
  1692 | D:3      | Reached XP level 5. HP: 25/49 MP: 5/5
  1743 | D:4      | Found a blossoming altar of Fedhas.
  1865 | D:4      | Got a shimmering hunting sling
  2078 | D:4      | Reached XP level 6. HP: 44/56 MP: 6/6
  2222 | D:5      | Entered Level 5 of the Dungeon
  2470 | D:5      | Reached skill level 5 in Axes
  2615 | D:5      | Reached * piety under Makhleb
  2646 | D:5      | Reached XP level 7. HP: 40/63 MP: 0/7
  2711 | D:5      | Reached skill level 5 in Armour
  2798 | D:6      | Reached skill level 5 in Shields
  2799 | D:6      | Identified the Papyrus of Summoning
  2900 | D:6      | Found a glowing drain.
  2903 | D:6      | Reached skill level 6 in Axes
  2914 | Sewer    | Entered a sewer
  3101 | Sewer    | Reached ** piety under Makhleb
  3480 | D:6      | Reached XP level 8. HP: 73/73 MP: 0/8
  3494 | D:6      | Found an ancient bone altar of Kikubaaqudgha.
  3623 | D:6      | Reached *** piety under Makhleb
  3625 | D:6      | Noticed Eustachio
  3637 | D:6      | Reached skill level 7 in Axes
  3678 | D:6      | Killed Eustachio
  3912 | D:6      | Reached skill level 5 in Fighting
  4049 | D:7      | Reached skill level 1 in Invocations
  4103 | D:7      | Noticed Pikel
  4120 | D:7      | Killed Pikel
  4120 | D:7      | Reached skill level 8 in Axes
  4120 | D:7      | Gained mutation: You passively map the area around you.
                  | [Deep Dwarf growth]
  4120 | D:7      | Reached XP level 9. HP: 27/81 MP: 0/11
  4310 | D:7      | Noticed Maggie
  4319 | D:7      | Killed Maggie
  4484 | D:8      | Found a white marble altar of Elyvilon.
  4530 | D:8      | Reached skill level 9 in Axes
  4625 | D:8      | Reached **** piety under Makhleb
  4863 | D:8      | Found a staircase to the Lair.
  5236 | D:8      | Reached skill level 5 in Invocations
  5236 | D:8      | Reached XP level 10. HP: 76/91 MP: 0/13
  5246 | D:8      | Reached skill level 10 in Axes
  5807 | D:9      | Reached ***** piety under Makhleb
  5858 | D:9      | Found a bloodstained altar of Trog.
  5928 | D:9      | Found a runed translucent gate.
  5930 | D:9      | Found an opulent altar of Gozag.
  5932 | D:9      | Found a runed translucent gate.
  5932 | D:9      | Noticed a deep elf mage
  5932 | D:9      | Noticed Inieqics's ghost (novice VSAK)
  5933 | D:9      | Found a runed translucent gate.
  5947 | D:9      | Found a hazy altar of Hepliaklqana.
  5986 | D:9      | Found a sparkling altar of Nemelex Xobeh.
  5999 | D:9      | Found a sacrificial altar of Ru.
  6250 | D:9      | Found the +3 pair of gauntlets of War {Slay+5}
  6288 | D:9      | Found a stormy altar of Qazlal.
  6288 | D:9      | Found a radiant altar of Vehumet.
  6293 | D:9      | Found a glowing silver altar of Zin.
  6295 | D:9      | Found a glowing golden altar of the Shining One.
  6296 | D:9      | Found a shadowy altar of Dithmenos.
  6384 | D:9      | Noticed a cyclops
  6395 | D:9      | Killed a cyclops
  6395 | D:9      | Reached skill level 11 in Axes
  6514 | D:10     | Entered Level 10 of the Dungeon
  6553 | D:10     | Found a staircase to the Orcish Mines.
  6687 | D:10     | Noticed Fannar
  6726 | D:10     | Killed Fannar
  6726 | D:10     | Reached XP level 11. HP: 69/100 MP: 0/15
  7276 | D:10     | Noticed Joseph
  7287 | D:10     | Killed Joseph
  7372 | D:10     | Reached skill level 12 in Axes
  7680 | Lair:1   | Entered Level 1 of the Lair of Beasts
  7681 | Lair:1   | Noticed an eight-headed hydra
  7690 | Lair:1   | Killed an eight-headed hydra
  7872 | Lair:1   | Noticed an eight-headed hydra
  7885 | Lair:1   | Killed an eight-headed hydra
  7909 | Lair:1   | Reached skill level 13 in Axes
  7909 | Lair:1   | Reached XP level 12. HP: 58/112 MP: 0/16
  8011 | Lair:1   | Reached skill level 10 in Shields
  8168 | Lair:1   | Noticed Harold
  8186 | Lair:1   | Killed Harold
  8689 | Lair:2   | Found a hole to the Spider Nest.
  9023 | Lair:2   | Found the +7 sceptre of Torment {pain, torment}
  9025 | Lair:2   | Noticed a five-headed hydra
  9046 | Lair:2   | Reached skill level 10 in Invocations
  9061 | Lair:2   | Killed a five-headed hydra
  9115 | Lair:2   | Noticed a six-headed hydra
  9115 | Lair:2   | Noticed a six-headed hydra
  9130 | Lair:2   | Killed a six-headed hydra
  9131 | Lair:2   | Killed a six-headed hydra
  9131 | Lair:2   | Reached skill level 14 in Axes
  9170 | Lair:2   | Found a staircase to the Swamp.
  9833 | Lair:3   | Found the +7 Spriggan's Knife {stab, EV+4 Stlth+}
 10004 | Lair:3   | Found a runed translucent door.
 10004 | Lair:3   | Noticed Befuwnopp's ghost (journeyman TrHu)
 10060 | Lair:3   | Noticed a six-headed hydra
 10073 | Lair:3   | Killed a six-headed hydra
 10833 | Lair:4   | Reached XP level 13. HP: 121/121 MP: 0/17
 10908 | Lair:4   | Noticed Kirke
 10924 | Lair:4   | Killed Kirke
 10924 | Lair:4   | Reached skill level 15 in Axes
 10973 | Lair:4   | Reached ****** piety under Makhleb
 11067 | Lair:4   | Noticed runemage's ghost (journeyman GnFi)
 11080 | Lair:4   | Found a transporter.
 11105 | Lair:4   | Found a transporter.
 11800 | Lair:5   | Reached skill level 10 in Fighting
 11983 | Lair:5   | Found a staircase to the Slime Pits.
 12414 | Lair:5   | Got an amethyst-encrusted chain mail
 12415 | Lair:5   | Identified the +1 chain mail of Shielding {Harm rElec} (You
                  | found it on level 5 of the Lair of Beasts)
 12420 | Lair:6   | Entered Level 6 of the Lair of Beasts
 12473 | Lair:6   | Found a frozen archway.
 12483 | IceCv    | Entered an ice cave
 12568 | IceCv    | Reached skill level 16 in Axes
 12788 | IceCv    | Noticed a frost giant
 12822 | IceCv    | Killed a frost giant
 12835 | IceCv    | Gained mutation: You resist negative energy. (rN+) [Deep
                  | Dwarf growth]
 12835 | IceCv    | Reached XP level 14. HP: 128/135 MP: 18/18
 14230 | Orc:1    | Entered Level 1 of the Orcish Mines
 14859 | Orc:1    | Found Myguff's Antique Weapon Shoppe.
 14967 | Orc:2    | Entered Level 2 of the Orcish Mines
 14967 | Orc:2    | Found Ypaig's General Store.
 14987 | Orc:2    | Bought a scroll of teleportation for 42 gold pieces
 14987 | Orc:2    | Bought a scroll of amnesia for 49 gold pieces
 14987 | Orc:2    | Bought a scroll of identify for 28 gold pieces
 14987 | Orc:2    | Bought a scroll of blinking for 105 gold pieces
 15079 | Orc:2    | Found a staircase to the Elven Halls.
 15085 | Orc:2    | Noticed an orc warlord
 15088 | Orc:2    | Noticed a cacodemon
 15137 | Orc:2    | Gained mutation: You are frail. (-10% HP) [a cacodemon]
 15216 | Orc:2    | Killed an orc warlord
 15242 | Orc:2    | Found a dark tunnel.
 15262 | Volcano  | Entered a volcano
 15356 | Volcano  | Noticed a stone giant
 15371 | Volcano  | Killed a stone giant
 15712 | Orc:2    | Reached skill level 17 in Axes
 15729 | Orc:2    | Reached XP level 15. HP: 121/129 MP: 20/20
 15764 | Orc:2    | Found Jechifo's Assorted Antiques.
 15764 | Orc:2    | Found Qudoiz's Weapon Boutique.
 15765 | Orc:2    | Found Soddyego's Armour Shop.
 15765 | Orc:2    | Found Ulofeng's Antique Armour Shoppe.
 15794 | Orc:2    | Bought a runed scarf for 192 gold pieces
 15800 | Orc:2    | Bought a pair of bloodstained gloves for 228 gold pieces
 15800 | Orc:2    | Bought a glowing plate armour for 624 gold pieces
 15801 | Orc:2    | Bought a scroll of identify for 80 gold pieces
 15801 | Orc:2    | Identified the +0 pair of gloves of the Bells {rPois rN+++
                  | Str-5 Stlth+} (You bought it in a shop on level 2 of the
                  | Orcish Mines)
 15827 | Orc:2    | Bought a scroll of blinking for 300 gold pieces
 15827 | Orc:2    | Bought a scroll of enchant weapon for 300 gold pieces
 15827 | Orc:2    | Bought a scroll of teleportation for 120 gold pieces
 15827 | Orc:2    | Bought a scroll labeled TOTAUXTU BOSO for 40 gold pieces
 16071 | Swamp:1  | Entered Level 1 of the Swamp
 16439 | Swamp:4  | Entered Level 4 of the Swamp
 16631 | Swamp:4  | Reached skill level 18 in Axes
 16760 | Swamp:4  | Got a decaying rune of Zot
 16982 | Spider:1 | Entered Level 1 of the Spider Nest
 17174 | Spider:2 | Gained mutation: You are weak. (Str -2) [mutagenic glow]
 17175 | Spider:2 | Noticed Agnes
 17201 | Spider:2 | Reached XP level 16. HP: 137/138 MP: 21/21
 17202 | Spider:2 | Killed Agnes
 17244 | Spider:2 | Reached skill level 15 in Shields
 17536 | Spider:2 | Reached skill level 10 in Armour
 17754 | Spider:4 | Entered Level 4 of the Spider Nest
 17938 | Spider:3 | HP: 3/141 [wolf spider (8)]
 17938 | Spider:3 | Slain by a jumping spider

Illustrated notes

Levels and vault maps discovered:
D:1:      roderic_octagonal_star, layout_basic, st_stairs_11, kennysheep_boxes
D:2:      layout_basic, uniq_crazy_yiuf_cottage
D:3:      layout_rooms, overflow_temple_1_default, first_ration, minmay_rat_hole
D:4:      layout_basic, fedhas_altar_1
D:5:      minmay_diamond_boxcup, layout_gridville
D:6:      layout_loops_ring, kennysheep_vampire_church, portal_sewer_entry_d,
          palyth_stone_intersect, hex_large, uniq_eustachio
D:7:      layout_cave_pods, minmay_temple_entry_butterflies,
          minmay_misc_feat_more_columns, minivault_25, uniq_maggie, uniq_pikel
D:8:      argonaut_augean_stables, layout_basic, elyvilon_altar_5,
          erik_lair_dragon
D:9:      layout_basic, hangedman_ru_absence, kennysheep_little_box,
          bloody_trog, chequers_temple_overflow_minitemple, ebering_ghost_gozag,
          basic_altar, lightli_minifort
D:10:     layout_stronghold, zombieorc1_lemuel, uniq_fannar, uniq_joseph
Lair:1:   layout_regular_city, st_stairs_6, grunt_megastairs_1,
          lemuel_fruit_tree, lemuel_fruit_fields, lemuel_fruit_fields,
          serial_bayou_shore_b, uniq_harold
Lair:2:   layout_layer_cave, palyth_hydra_swamp_entry,
          nicolae_spider_entry_tight_spaces, chequers_serial_rivers_micro_d,
          hibernation_bobbens, lemuel_fruit_fields
Lair:3:   lemuel_reptile_caves, layout_chaotic_city,
          hellmonk_ghost_happy_afterlife, patterned_corridor
Lair:4:   lemuel_slime, layout_regular_city, gammafunk_ghost_berserking_beasts,
          grunt_megastairs_5, uniq_kirke
Lair:5:   layout_misc_corridors, slime_dummy
Lair:6:   hangedman_lair_tendril_chambers, layout_regular_city,
          portal_ice_cave_entry_pillars_1, serial_bayou_shore_b
Swamp:1:  layout_falls_marsh, hangedman_swamp_ruin_hall
Swamp:2:  layout_falls_marsh, nicolae_swamp_godswood
Swamp:3:  layout_basic_swamp, hangedman_swamp_lotus, swamp_pool5
Swamp:4:  swamp_fiery, layout_basic_swamp, uniq_louise, uniq_mara
Spider:1: layout_spider_delve
Spider:2: layout_spider_delve, drop_trap, nicolae_looking_at_the_future,
          uniq_agnes
Spider:3: layout_spider_delve
Spider:4: grunt_spider_rune_parallel, drop_trap
Orc:1:    layout_caves, serial_shops, shop, abandoned_shop, minmay_orc_barracks
Orc:2:    st_orc_ogre_mass, layout_caves, enter_volcano_1, serial_shops, shop

Skill      XL: |  1  2  3  4  5  6  7  8  9 10 11 12 13 14 15 16 |
---------------+-------------------------------------------------+-----
Axes           | 3 4 5 6 8 9 11 13 14 16 17 18 | 18.0
Fighting       | 3 4 5 6 7 8 9 11 12 13 | 13.5
Shields        | 4 5 6 7 8 9 11 12 13 14 15 | 15.0
Armour         | 4 5 6 7 8 9 10 | 10.7
Invocations    | 2 5 7 9 10 12 13 14 | 14.9

Action                   |  1- 3 |  4- 6 |  7- 9 | 10-12 | 13-15 | 16-18 || total
-------------------------+-------+-------+-------+-------+-------+-------++-------
Melee: War axe           |    94 |   237 |   453 |       |       |       ||   784
       Broad axe         |       |       |    13 |   727 |  1265 |   325 ||  2330
       Whip              |       |       |       |    20 |     8 |       ||    28
Throw: Dart              |       |       |    12 |     7 |       |    25 ||    44
Invok: Lesser Servant of |       |       |     2 |    13 |     8 |     1 ||    24
       Greater Servant o |       |       |       |       |     3 |       ||     3
 Abil: Heal Wounds       |     1 |     1 |     4 |     7 |     4 |       ||    17
Evoke: Wand              |       |       |     1 |    12 |     3 |       ||    16
       Phial of floods   |       |       |       |       |     1 |       ||     1
  Use: Scroll            |       |     5 |    11 |     9 |    22 |     2 ||    49
       Potion            |       |       |     2 |     1 |     2 |     1 ||     6
 Stab: Distracted        |       |       |     1 |     1 |     2 |       ||     4
       Confused          |       |       |       |     3 |       |       ||     3
  Eat: Chunk             |     2 |     4 |    10 |    19 |    22 |     2 ||    59
       Ration            |       |       |       |     2 |       |       ||     2
Armor: Scale mail        |     4 |       |       |       |       |       ||     4
       Chain mail        |    63 |   160 |   154 |   112 |   256 |       ||   745
       Plate armour      |       |       |   123 |   256 |   316 |   280 ||   975
Dodge: Dodged            |    22 |    51 |   139 |   146 |   214 |    72 ||   644
       Repelled          |       |       |       |       |     1 |       ||     1
Block: Kite shield       |    46 |   131 |   324 |   416 |  1028 |   318 ||  2263
       Reflection        |       |       |       |       |    25 |       ||    25
